 Dungeon Crawl Stone Soup version 0.28.0-53-g5a82cb258f (webtiles) character file.

Game seed: 16798335745896084177

90 Descartes the Chucker (level 4, 0/28 HPs)
             Began as an Octopode Wanderer on May 18, 2022.
             Killed from afar by an orc wizard (8 damage)
             ... with a magic dart
             ... on level 3 of the Dungeon on May 20, 2022.
             The game lasted 00:04:26 (3560 turns).

Descartes the Chucker (Octopode Wanderer)           Turns: 3560, Time: 00:04:26

Health: 0/28       AC:  1    Str:  8    XL:     4   Next: 56%
Magic:  6/6        EV: 12    Int: 18    God:
Gold:   88         SH:  4    Dex: 12    Spells: 6/6 levels left

rFire   . . .      SeeInvis .   p - +0 dagger (elec)
rCold   . . .      Faith    .   c - +0 buckler
rNeg    . . .      Spirit   .   (helmet restricted)
rPois   .          Reflect  .   (no amulet)
rElec   .          Harm     .   (no ring)
rCorr   .          Rampage  .   (no ring)
Will    .....                   (no ring)
Stlth   ++........              (no ring)
HPRegen 0.09/turn               (no ring)
MPRegen 0.10/turn               (no ring)
                                (no ring)
                                (no ring)

@: no status effects
A: almost no armour, amphibious, 8 rings, camouflage 1, gelatinous body 1,
(nimble swimmer 1), tentacles
a: no special abilities


You were on level 3 of the Dungeon.
You visited 1 branch of the dungeon, and saw 3 of its levels.

You collected 88 gold pieces.

Inventory:

Hand Weapons
 a - a +0 vorpal dagger
 p - a +0 dagger of electrocution (weapon)
Missiles
 b - 3 curare-tipped darts (quivered)
 j - 156 stones
 n - 4 poisoned darts
 s - a throwing net
Armour
 c - a +0 buckler (worn)
Jewellery
 m - a ring of magical power
Scrolls
 d - a scroll of fear {unknown}
 e - a scroll of enchant armour {unknown}
 i - a scroll of fog {unknown}
 l - a scroll of immolation {unknown}
 r - a scroll of teleportation {unknown}
 t - a scroll of identify {unknown}
Potions
 f - a potion of degeneration {unknown}
 g - a potion of brilliance {unknown}
 h - 2 potions of magic {unknown}
 k - 2 potions of ambrosia {unknown}
 o - a potion of curing {unknown}
 q - a potion of flight {unknown}
 u - a potion of heal wounds {unknown}


   Skills:
 - Level 1.0 Fighting
 - Level 3.0 Throwing
 + Level 1.9 Dodging
 + Level 2.6 Shields
 + Level 1.9 Spellcasting
 + Level 1.5 Conjurations
 + Level 0.0 Translocations
 + Level 2.7 Air Magic


You had 6 spell levels left.
You didn't know any spells.
Your spell library contained the following spells:

 Spells                   Type           Power      Damage    Failure   Level
 Static Discharge         Conj/Air       9%         N/A       16%         2
 Corpse Rot               Necr/Air       12%        N/A       22%         2
 Gell's Gravitas          Tloc           1%         N/A       56%         3
 Teleport Other           Tloc           1%         N/A       56%         3
 Dispersal                Tloc           0%         N/A       100%        6


Dungeon Overview and Level Annotations

Branches:
Dungeon (3/15)

Altars:


Innate Abilities, Weirdness & Mutations

You cannot wear most types of armour.
You are amphibious.
You can wear up to eight rings at the same time.
Your skin changes colour to match your surroundings (Stealth+).
Your rubbery body absorbs attacks. (AC +1, EV +1)
((You are camouflaged when in or above water. (Stealth+)))
You have tentacles for arms and can constrict up to eight enemies at once.


Message History

You see here a hobgoblin corpse.
An orc comes into view. It is wielding a +0 club.
The orc moves out of view.
An orc comes into view. It is wielding a +0 flail.
An orc and an orc wizard come into view.
The orc shouts!
The orc wizard shouts!
You hit the orc. You grab the orc. You squeeze the orc.
You kill the orc!
The orc hits you from afar with a +0 trident!
You hit the orc but do no damage. You grab the orc. You constrict the orc.
The orc barely misses you. The orc hits you with a +0 flail.
You hit the orc.
The orc is severely wounded.
You constrict the orc.
You kill the orc!
You block the orc's attack.
You hit the orc wizard. You grab the orc wizard.
The orc wizard is lightly wounded.
You constrict the orc wizard. You block the orc's attack.
The orc wizard hits you with a +0 dagger.
You barely miss the orc wizard.
You squeeze the orc wizard, but do no damage.
The orc wizard is lightly wounded.
You constrict the orc wizard, but do no damage.
The orc misses you. The orc wizard completely misses you.
You hit the orc wizard but do no damage.
The orc wizard is lightly wounded.
You constrict the orc wizard.
The orc hits you from afar with a +0 trident.
The orc wizard points at you and mumbles some strange words.
The puff of flame hits you!
* * * LOW HITPOINT WARNING * * *
The orc barely misses you.
You release your grip on the orc wizard.
The orc wizard gestures wildly while chanting.
The orc wizard flickers and vanishes!
Deactivating autopickup; reactivate with Ctrl-A.
A magic dart appears from out of thin air!
The magic dart hits you!
You die...

#.......####.#.#.##....†.
#.>.8.>.# #....#........#
#.......###.####......###
#....#.)..##.# #......+..
#...###...##.# #......###
....#.#....#.# #....###
.8.##.##†8.+.# #....<# ..
#...#...### #...#.#
#+##.o.##@## #.#†..#
#.....{...# #....##
#####.....# ######
#.....# # ####### # # # #
#


There were no monsters in sight!

Vanquished Creatures
  4 gnolls (D:2)
  3 orcs
  4 ball pythons
  4 bats
  3 endoplasms
  A giant cockroach (D:3)
  6 goblins
  7 hobgoblins
  3 quokkas
  4 kobolds
  4 rats
43 creatures vanquished.

Notes
Turn   | Place    | Note
-------+----------+-------------------------------------------
     0 | D:1      | Descartes the Octopode Wanderer began the quest for the
                  | Orb.
     0 | D:1      | Descartes set off with the following items: a +0 vorpal
                  | dagger, 3 curare-tipped darts, a +0 buckler; and the
                  | following spells available to memorise: Corpse Rot, Static
                  | Discharge
     0 | D:1      | Reached XP level 1. HP: 13/13 MP: 2/2
   173 | D:1      | Reached XP level 2. HP: 12/18 MP: 3/3
  1231 | D:2      | Found a faded altar of an unknown god.
  1384 | D:2      | Reached XP level 3. HP: 23/23 MP: 5/5
  2149 | D:2      | Reached skill level 1 in Conjurations
  2885 | D:2      | Reached XP level 4. HP: 4/28 MP: 6/6
  3426 | D:3      | Upgraded the game from 0.28.0-49-g6dfe1f597d to
                  | 0.28.0-53-g5a82cb258f
  3560 | D:3      | Killed from afar by an orc wizard

Illustrated notes

Levels and vault maps discovered:
D:1:      dpeg_arrival_arbitrary_c, layout_loops_ring
D:2:      layout_basic, ebering_ecumenical_altar_webs, serial_rivers,
          chequers_serial_rivers_large_a, chequers_serial_rivers_room_b,
          chequers_serial_rivers_room_b, chequers_serial_rivers_micro_a,
          chequers_serial_rivers_micro_a, chequers_serial_rivers_small_b,
          solitary_fountain
D:3:      layout_basic, nrook_mini_vaults, grunt_ministairs_13,
          serial_bayou_pond_e, minmay_distorted

Skill      XL: |  1  2  3 |
---------------+----------+-----
Conjurations   | 1 |  1.5
Fighting       | |  1.0
Throwing       | |  3.0
Dodging        | |  1.9
Shields        | |  2.6
Spellcasting   | |  1.9
Air Magic      | |  2.7

Action                   |  1- 3 |  4- 6 || total
-------------------------+-------+-------++-------
Melee: Dagger            |    64 |    23 ||    87
       Tentacles         |    13 |     8 ||    21
       Constrict         |    14 |     8 ||    22
       Punch             |     1 |       ||     1
 Stab: Sleeping          |     6 |     2 ||     8
Armor: Skin              |     4 |     1 ||     5
Dodge: Dodged            |    36 |    10 ||    46
Block: Buckler           |     8 |     4 ||    12
